 Dungeon Crawl Stone Soup version 0.31-a0-1606-g60c5cc7444 (webtiles) character file.

Game seed: 2259002219519373102

317968 NoAnimeNoLife the Force of Nature (level 21, -13/150 HPs)
             Began as a Gnoll Hexslinger on Jan 8, 2024.
             Was the Champion of Fedhas.
             Mangled by an acid blob (34 damage)
             ... on level 1 of the Pits of Slime.
             The game lasted 01:22:53 (41714 turns).

NoAnimeNoLife the Force of Nature (GnHs)           Turns: 41714, Time: 01:22:54

Health: -13/150    AC:  7    Str: 11    XL:     21   Next: 3%
Magic:  39/39      EV: 24    Int: 10    God:    Fedhas [******]
Gold:   944        SH:  0    Dex: 27    Spells: 15/49 levels left

rFire   + . .        r - +8 longbow (flame)
rCold   + . .        (shield currently unavailable)
rNeg    . . .        o - +3 scale mail {rPois}
rPois   +            a - +2 helmet
rElec   +            y - +1 cloak of Starlight {*Dazzle EV+4 Stlth--}
rCorr   +            f - +2 pair of gloves
SInv    .            F - +2 pair of boots {Fly}
Will    +....        Q - amulet "Wuc Utar" {rC+ Regen+}
Stlth   +++          W - ring of resist corrosion
HPRegen 1.25/turn    B - ring "Foyrryin" {rF+ Str-2 Dex+8 Slay+4}
MPRegen 0.26/turn

%: no passive effects
@: corroded, flying
A: fangs 1, strong nose, distributed training, clumsy 1, deformed body, dopey 1,
frail 1, screaming 1, electricity resistance
}: 3/15 runes: serpentine, barnacled, slimy
a: Renounce Religion, Wall of Briars, Grow Ballistomycete, Overgrow, Grow Oklob


You were on level 1 of the Pits of Slime.
You worshipped Fedhas.
Fedhas was exalted by your worship.
You visited 7 branches of the dungeon, and saw 37 of its levels.

You collected 4171 gold pieces.
You spent 3227 gold pieces at shops.

Inventory:

Hand Weapons
 r - a +8 longbow of flaming (weapon)
Missiles
 M - 10 throwing nets
Armour
 a - a +2 helmet (worn)
 f - a +2 pair of gloves (worn)
 o - a +3 scale mail of poison resistance (worn)
 y - the +1 cloak of Starlight (worn) {*Dazzle EV+4 Stlth--}
   (You found it on level 5 of the Dungeon)

   *Dazzle:   It may blind those who miss an attack against the wearer in melee
   combat.
   EV+4:      It affects your evasion (+4).
   Stlth--:   It makes you much less stealthy.
 F - a +2 pair of boots of flying (worn)
Jewellery
 s - the ring "Zaloeth" {rElec rC+ EV+5 Str+5}
   (You found it on level 5 of the Pits of Slime)

   [ring of evasion]

   EV+5:      It affects your evasion (+5).
   Str+5:     It affects your strength (+5).
   rC+:       It protects you from cold.
   rElec:     It insulates you from electricity.
 B - the ring "Foyrryin" (right hand) {rF+ Str-2 Dex+8 Slay+4}
   (You bought it in a shop on level 2 of the Orcish Mines)

   [ring of slaying]

   Str-2:     It affects your strength (-2).
   Dex+8:     It affects your dexterity (+8).
   Slay+4:    It affects your accuracy & damage with ranged weapons and melee
   (+4).
   rF+:       It protects you from fire.
 C - a ring of see invisible
 I - a ring of willpower
 P - the ring "Yhorhoog" {rPois Int+4 Dex+6}
   (You took it off a deep elf pyromancer on level 10 of the Dungeon)

   [ring of dexterity]

   Int+4:     It affects your intelligence (+4).
   Dex+6:     It affects your dexterity (+6).
   rPois:     It protects you from poison
 Q - the amulet "Wuc Utar" (around neck) {rC+ Regen+}
   (You took it off a tengu conjurer on level 10 of the Dungeon)

   [amulet of regeneration]

   rC+:       It protects you from cold.
   Regen+:    It increases your rate of health regeneration.
 W - a ring of resist corrosion (left hand)
Wands
 n - a wand of charming (27)
 q - a wand of digging (5) {@v3}
 E - a wand of mindburst (8)
 O - a wand of roots (6)
 R - a wand of polymorph (8)
 S - a wand of acid (11) {@v1}
Scrolls
 b - 5 scrolls of poison
 c - 2 scrolls of enchant armour
 d - a scroll of amnesia
 g - 9 scrolls of torment
 i - 8 scrolls of fog
 l - 10 scrolls of teleportation {@r2}
 p - 6 scrolls of revelation {@r4}
 u - 2 scrolls of blinking {@r3}
 J - 2 scrolls of silence
 K - 7 scrolls of vulnerability
 T - 7 scrolls of identify {@r1}
 X - 2 scrolls of enchant weapon
 Y - 3 scrolls of brand weapon
 Z - 10 scrolls of immolation
Potions
 e - 2 potions of resistance {@q5}
 h - 12 potions of curing {@q1}
 j - a potion of cancellation
 k - 7 potions of lignification
 m - 3 potions of invisibility
 t - 4 potions of brilliance
 v - 4 potions of berserk rage
 w - 5 potions of haste {@q4}
 z - 5 potions of might {@q3}
 D - 4 potions of enlightenment
 G - 6 potions of attraction
 L - 3 potions of magic
 V - a potion of ambrosia
Miscellaneous
 H - a phantom mirror
 N - a condenser vane (inert)


   Skills:
 + Level 14.8 Fighting
 + Level 14.6 Short Blades
 + Level 14.6 Long Blades
 + Level 14.6 Axes
 + Level 14.6 Maces & Flails
 + Level 14.6 Polearms
 + Level 14.6 Staves
 + Level 15.2 Ranged Weapons
 + Level 14.6 Throwing
 + Level 14.6 Armour
 + Level 15.2 Dodging
 + Level 14.6 Stealth
 + Level 14.6 Shields
 + Level 14.6 Unarmed Combat
 + Level 14.8 Spellcasting
 + Level 12.4 Conjurations
 + Level 13.5 Hexes
 + Level 12.4 Summonings
 + Level 12.4 Necromancy
 + Level 12.4 Translocations
 + Level 12.6 Fire Magic
 + Level 12.4 Ice Magic
 + Level 12.4 Air Magic
 + Level 12.4 Earth Magic
 + Level 12.4 Alchemy
 + Level 15.8 Invocations
 + Level 14.6 Evocations
 + Level 13.4 Shapeshifting


You had 15 spell levels left.
You knew the following spells:

 Your Spells              Type           Power      Damage    Failure   Level
a - Summon Forest         Summ/Tloc      16%        N/A       4%          5
b - Irradiate             Conj/Alch      16%        3d17      4%          5
c - Metabolic Englaciati  Hex/Ice        16%        N/A       3%          5
d - Iskenderun's Mystic   Conj/Tloc      32%        2d8       1%          4
e - Blink                 Tloc           64%        N/A       1%          2
f - Yara's Violent Unrav  Hex/Alch       16%        3d8       3%          5
g - Confusing Touch       Hex            34%        N/A       1%          3
h - Tukima's Dance        Hex            34%        N/A       1%          3
i - Jinxbite              Hex            68%        N/A       1%          2

Your spell library contained the following spells:

 Spells                   Type           Power      Damage    Failure   Level
 Apportation              Tloc           64%        N/A       1%          1
 Magic Dart               Conj           100%       1d8       1%          1
 Necrotise                Necr           100%       1d9       1%          1
 Shock                    Conj/Air       100%       1d9       1%          1
 Slow                     Hex            100%       N/A       1%          1
 Sting                    Conj/Alch      100%       1d9       1%          1
 Summon Small Mammal      Summ           100%       N/A       1%          1
 Call Imp                 Summ           64%        N/A       1%          2
 Cigotuvi's Dreadful Rot  Necr/Alch/Air  64%        N/A       1%          2
 Lesser Beckoning         Tloc           64%        N/A       1%          2
 Mercury Vapours          Alch/Air       64%        N/A       1%          2
 Sublimation of Blood     Necr           32%        N/A       1%          2
 Dazzling Flash           Conj/Hex       66%        N/A       1%          3
 Frozen Ramparts          Ice            64%        1d10      1%          3
 Gell's Gravitas          Tloc           32%        N/A       1%          3
 Inner Flame              Hex/Fire       33%        N/A       1%          3
 Mephitic Cloud           Conj/Alch/Air  32%        N/A       1%          3
 Sigil of Binding         Hex            34%        N/A       1%          3
 Swiftness                Air            32%        N/A       1%          3
 Teleport Other           Tloc           32%        N/A       1%          3
 Vampiric Draining        Necr           32%        2d8       1%          3
 Volatile Blastmotes      Fire/Tloc      64%        2d15      1%          3
 Airstrike                Air            16%        2d(3-19)  1%          4
 Cause Fear               Hex            17%        N/A       1%          4
 Dimensional Bullseye     Hex/Tloc       16%        N/A       1%          4
 Dispel Undead            Necr           32%        3d14      1%          4
 Ignite Poison            Fire/Alch      32%        N/A       1%          4
 Leda's Liquefaction      Alch/Erth      16%        N/A       1%          4
 Martyr's Knell           Necr/Summ      32%        N/A       1%          4
 Olgreb's Toxic Radiance  Alch           32%        N/A       1%          4
 Passage of Golubria      Tloc           32%        N/A       1%          4
 Petrify                  Alch/Erth      32%        N/A       1%          4
 Sticky Flame             Fire/Alch      32%        2d7       1%          4
 Silence                  Hex/Air        16%        N/A       3%          5
 Curse of Agony           Necr           32%        N/A       4%          5
 Fireball                 Conj/Fire      16%        3d8       4%          5
 Lee's Rapid Deconstruct  Erth           16%        3d10*     4%          5
 Bombard                  Conj/Erth      16%        9d3       26%         6
 Death Channel            Necr           16%        N/A       26%         6
 Dispersal                Tloc           16%        N/A       26%         6
 Eringya's Noxious Bog    Alch           16%        4d6       26%         6
 Starburst                Conj/Fire      16%        6d6       26%         6
 Haunt                    Necr/Summ      16%        N/A       83%         7
 Summon Hydra             Summ           16%        N/A       83%         7
 Borgnjor's Revivificati  Necr           16%        N/A       100%        8
 Ignition                 Fire           16%        3d6       100%        8
 Maxwell's Capacitive Co  Air            16%        ∞         100%        8
 Chain Lightning          Conj/Air       16%        3d21      100%        9
 Death's Door             Necr           16%        N/A       100%        9
 Dragon's Call            Summ           16%        N/A       100%        9
 Fire Storm               Conj/Fire      16%        8d4       100%        9
 Shatter                  Erth           16%        3d15*     100%        9


Dungeon Overview and Level Annotations

Branches:
Dungeon (15/15)            Temple (0/1) D:7            Lair (5/5) D:11
 Shoals (4/4) Lair:2        Snake (4/4) Lair:3        Slime (5/5) Lair:5
    Orc (2/2) D:9             Elf (0/3) Orc:2        Vaults (0/5) D:13
 Depths (2/4) D:15

Altars:
Dithmenos
Elyvilon
Fedhas
Gozag
Hepliaklqana
Qazlal
Uskayaw
Xom
Yredelemnul
Jiyva

Shops:
D:6 :   D:7 (   D:8 ?   D:9 (   D:13 (   Orc:2 *=*(   Shoals:4 !

Portals:
Hell: Depths:1
Abyss: Shoals:1 Depths:1
Pandemonium: Orc:2 Depths:1
Ziggurat: Depths:2

Annotations:
D:7 3 runed translucent doors, Tinttamiau's ghost, novice FoHu; YordlordTheGreat's ghost, novice MfSu; capka3m's ghost, novice TrSh
D:14 36 runed translucent doors
Lair:4 1 runed translucent door, Niar Sio's ghost, journeyman TrBe
Shoals:1 2 transporters, Toskicku's ghost, adept FoHu


Innate Abilities, Weirdness & Mutations

You have very sharp teeth.
Your uncanny sense of smell can sniff out nearby items.
Your experience applies equally to all skills.
You are clumsy. (Dex -2)
Armour fits poorly on your strangely shaped body.
You are dopey. (Int -2)
You are frail. (-10% HP)
You occasionally shout uncontrollably at your foes.
You are resistant to electric shocks. (rElec)


Message History

The acid blob completely misses you. The golden eye blinks at you.
You are more confused.
Non-targeted confused fire: r) +8 longbow (flame)
Press: ? - help, Q - select action, (/) - cycle Dir - look around, f - activate You shoot an arrow.
The arrow hits the golden eye!
The arrow burns the golden eye.
You kill the golden eye!
Fedhas accepts your kill. The acid blob spits acid at you.
The splash of acid hits you!! The acid corrodes you!
The golden eye blinks at you. You resist with almost no effort.
Non-targeted confused fire: r) +8 longbow (flame)
Press: ? - help, Q - select action, (/) - cycle Dir - look around, f - activate You shoot an arrow.
The acid blob completely misses you.
The golden eye blinks!
The acid blob spits acid at you. The splash of acid hits you!
* * * LOW HITPOINT WARNING * * *
The acid corrodes you!
Non-targeted confused fire: r) +8 longbow (flame)
Press: ? - help, Q - select action, (/) - cycle Dir - look around, f - activate You shoot an arrow.
The golden eye blinks!
The acid blob misses you.
You're wearing all the rings you can.
Remove which one? (? for menu, Esc to cancel) < or
s - the ring "Zaloeth" {rElec rC+ EV+5 Str+5} > or
B - the ring "Foyrryin" {rF+ Str-2 Dex+8 Slay+4} You remove the ring "Zaloeth" {rElec rC+ EV+5 Str+5}.
W - a ring of resist corrosion (left hand)
The golden eye blinks at you. You resist with almost no effort.
The acid blob hits you!!
* * * LOW HITPOINT WARNING * * *
You are splashed with acid.
You resist.
* * * LOW HITPOINT WARNING * * *
You are too confused!
You feel better.
The golden eye blinks!
The acid blob hits you!!
You die...
Fedhas appreciates your contribution to the ecosystem.

.........#####..
..........#.#.#..
.................
.................
......#..<.......
..............#.
##.#§.#..........
................#
.......@.....#...
.......J....#....
...........#.....
.....§...........
#.#........#.....
##...............
#.#.#......#.....
....#...........


You could see an acid blob.

Vanquished Creatures
  Mara (Shoals:3)
  Jorgrun (D:13)
  A sphinx (Depths:1)
  22 acid blobs
  A kraken (Shoals:2)
  11 nagarajas
  A fire giant (Depths:1)
  9 rockslimes
  6 azure jellies (Slime:5)
  Ilsuiw (Shoals:4)
  A deep elf sorcerer (Depths:1)
  Louise (D:15)
  3 frost giants
  6 very ugly things (Depths:1)
  5 formless jellyfish
  4 quicksilver oozes
  A vampire knight (Depths:1)
  2 stone giants (Depths:1)
  Nessos (Lair:4)
  3 spark wasps (Depths:1)
  A blizzard demon (Depths:1)
  4 ettins
  6 merfolk javelineers
  An entropy weaver (shapeshifter) (D:9)
  5 fire dragons
  An entropy weaver (D:13)
  8 merfolk impalers
  Harold (D:10)
  3 salamander tyrants
  A vault guard (D:13)
  An ice dragon (Depths:1)
  5 great orbs of eyes
  4 rakshasas (Depths:1)
  3 hydras
  6 centaur warriors
  Fannar (Lair:1)
  9 anacondas
  3 merfolk avatars
  6 alligator snapping turtles
  A two-headed ogre (shapeshifter) (Depths:1)
  2 boulder beetles
  3 catoblepae
  3 tengu warriors
  5 two-headed ogres
  An alligator (Shoals:2)
  4 merfolk aquamancers
  2 deep troll shamans
  16 naga warriors
  A demonspawn (Orc:2)
  3 satyrs
  2 deep troll earth magi (Depths:1)
  4 death yaks (Lair:5)
  3 occultists
  6 orc high priests
  10 shock serpents
  Amaemon (D:9)
  6 hell knights (Depths:1)
  15 naga sharpshooters
  3 sun demons (Depths:1)
  2 iron trolls (Depths:1)
  A sixfirhy (Orc:2)
  6 skysharks
  4 skeletal warriors (D:11)
  14 sea snakes
  8 salamander mystics
  17 mana vipers
  4 deep trolls (Depths:1)
  2 goliath frogs (Shoals:2)
  A glowing orange brain (Slime:5)
  10 naga ritualists
  An orange crystal statue (Depths:1)
  2 necromancers (Depths:1)
  7 orc knights
  5 harpies (Shoals:2)
  2 statues (D:10)
  4 deep elf pyromancers
  6 orc sorcerers (Orc:2)
  11 ugly things
  14 salamanders
  7 cyclopes
  4 shining eyes
  Maurice (D:7)
  17 manticores
  17 fauns
  5 kobold blastminers (Orc:2)
  15 elephants
  6 guardian serpents
  46 black mambas
  Joseph (Lair:1)
  22 naga magi
  10 water nymphs
  2 eyes of devastation (Slime:5)
  A gargoyle (D:13)
  13 cane toads
  7 merfolk sirens
  A rust devil (Orc:2)
  2 torpor snails
  2 kobold demonologists (D:10)
  2 orange demons
  2 unseen horrors (Depths:1)
  A freezing wraith (D:15)
  5 yaktaurs (D:15)
  A komodo dragon (shapeshifter) (D:10)
  5 komodo dragons
  6 tengu conjurers
  Psyche (D:9)
  A hellwing (Orc:2)
  5 polar bears
  3 wind drakes
  3 blink frogs (Lair:2)
  24 merfolk
  A hornet (D:9)
  5 trolls
  Grinder (D:6)
  2 glass eyes
  9 dream sheep
  10 snapping turtles
  The ghost of koorschki the Insei, an amateur OpSh of Ashenzari (D:5)
  11 water elementals
  A spriggan (shapeshifter) (D:14)
  42 slime creatures
  A vampire (D:11)
  2 shadows
  4 wyverns
  3 wraiths
  8 basilisks
  A human (shapeshifter) (D:13)
  47 yaks
  2 golden eyes
  A steam dragon (Lair:1)
  7 wargs
  12 vampire mosquitoes
  Menkaure (D:5)
  51 nagas
  6 water moccasins
  Edmund (D:6)
  3 acid dragons
  39 orc warriors
  A sky beast (D:7)
  5 black bears
  An ice beast (D:5)
  8 ogres
  21 wolves
  A laughing skull (D:8)
  2 boggarts (Depths:1)
  7 centaurs
  12 bullfrogs
  6 kobold brigands
  2 scorpions
  2 gnoll sergeants
  13 wights
  14 killer bees
  An electric eel (Lair:2)
  A centaur zombie (D:5)
  A bombardier beetle (D:4)
  A bullfrog zombie (D:5)
  A centaur skeleton (D:5)
  4 hounds
  A gnoll bouda (D:9)
  27 orc priests
  3 jellies (D:5)
  4 iguanas
  22 orc wizards
  22 gnolls
  3 adders (D:5)
  2 shadow imps
  A white imp (D:8)
  A howler monkey simulacrum (D:10)
  2 ufetubi (D:7)
  A ribbon worm (D:5)
  2 dart slugs
  A ribbon worm (shapeshifter) (D:14)
  111 orcs
  5 ball pythons
  8 bats
  5 endoplasms
  4 giant cockroaches
  5 goblins
  5 hobgoblins
  5 jackals
  3 quokkas
  2 frilled lizards
  22 kobolds
  10 rats
  2 ballistomycete spores
  3 tentacles (Shoals:2)
1258 creatures vanquished.

Vanquished Creatures (collateral kills)
  the Royal Jelly (Slime:5)
  An orc warlord (Orc:2)
  2 quicksilver oozes
  A stone giant (Depths:1)
  A dire elephant (Lair:5)
  Josephine (D:10)
  A naga warrior (Snake:4)
  A two-headed ogre (D:9)
  A death yak (Lair:5)
  A salamander mystic (Snake:4)
  An iron troll (Depths:1)
  A skeletal warrior (D:11)
  A necromancer (Depths:2)
  An ugly thing (Depths:2)
  A cyclops (D:11)
  A shining eye (Slime:3)
  A naga mage (Snake:4)
  2 blink frogs (Lair:2)
  3 slime creatures
  2 wraiths (D:10)
  4 yaks (Lair:2)
  A naga (Snake:4)
  A vampire mosquito (D:9)
  A human skeleton (Depths:2)
  An orc warrior (Orc:2)
  A centaur (D:15)
  A bullfrog (Lair:2)
  A human simulacrum (Depths:2)
  A wight (D:6)
  A gnoll bouda (D:10)
  A gnoll (D:10)
  7 orcs
  35 ballistomycete spores
81 creatures vanquished.

Vanquished Creatures (others)
  A merfolk aquamancer (Shoals:1)
  A naga ritualist (Snake:2)
  A merfolk siren (Shoals:2)
  10 dancing weapons
  A vampire mosquito (D:9)
  2 gnolls
  7 ballistomycete spores
  A snaplasher vine (Depths:1)
  11 tentacles (Shoals:2)
35 creatures vanquished.

Grand Total: 1374 creatures vanquished

Notes
Turn   | Place    | Note
-------+----------+-------------------------------------------
     0 | D:1      | NoAnimeNoLife the Gnoll Hexslinger began the quest for the
                  | Orb.
     0 | D:1      | Reached XP level 1. HP: 17/17 MP: 4/4
   357 | D:1      | Reached XP level 2. HP: 23/23 MP: 5/5
   567 | D:1      | Reached XP level 3. HP: 28/28 MP: 7/7
   570 | D:1      | Learned a level 2 spell: Jinxbite
  1131 | D:1      | Reached skill level 1 in Invocations
  1365 | D:2      | Reached skill level 1 in Short Blades
  1365 | D:2      | Reached skill level 1 in Long Blades
  1365 | D:2      | Reached skill level 1 in Axes
  1365 | D:2      | Reached skill level 1 in Maces & Flails
  1365 | D:2      | Reached skill level 1 in Polearms
  1365 | D:2      | Reached skill level 1 in Staves
  1365 | D:2      | Reached skill level 1 in Throwing
  1365 | D:2      | Reached skill level 1 in Armour
  1365 | D:2      | Reached skill level 1 in Stealth
  1365 | D:2      | Reached skill level 1 in Shields
  1365 | D:2      | Reached skill level 1 in Unarmed Combat
  1365 | D:2      | Reached skill level 1 in Evocations
  1372 | D:2      | Reached skill level 1 in Shapeshifting
  1372 | D:2      | Reached XP level 4. HP: 34/34 MP: 4/8
  1446 | D:2      | Reached skill level 1 in Conjurations
  1446 | D:2      | Reached skill level 1 in Summonings
  1446 | D:2      | Reached skill level 1 in Necromancy
  1446 | D:2      | Reached skill level 1 in Translocations
  1446 | D:2      | Reached skill level 1 in Ice Magic
  1446 | D:2      | Reached skill level 1 in Air Magic
  1446 | D:2      | Reached skill level 1 in Earth Magic
  1446 | D:2      | Reached skill level 1 in Alchemy
  1751 | D:2      | Found a faded altar of an unknown god.
  2199 | D:3      | Found the +7 mace of Variability {chaos, chaos arc}
  2227 | D:3      | Found a blossoming altar of Fedhas.
  2230 | D:3      | Found an opulent altar of Gozag.
  2565 | D:4      | Noticed a black bear
  2579 | D:4      | Killed a black bear
  2580 | D:4      | Reached XP level 5. HP: 33/41 MP: 7/9
  2635 | D:4      | Found a shimmering altar of Xom.
  2882 | D:4      | Reached XP level 6. HP: 46/47 MP: 9/11
  2925 | D:4      | Noticed a black bear
  2932 | D:4      | Killed a black bear
  2933 | D:4      | Reached skill level 5 in Ranged Weapons
  2933 | D:4      | Reached skill level 5 in Dodging
  2937 | D:4      | Learned a level 3 spell: Confusing Touch
  2941 | D:4      | Learned a level 3 spell: Tukima's Dance
  3314 | D:4      | Reached XP level 7. HP: 52/52 MP: 9/12
  3568 | D:5      | Entered Level 5 of the Dungeon
  3879 | D:5      | Noticed Menkaure
  3887 | D:5      | Killed Menkaure
  3975 | D:5      | Found a white marble altar of Elyvilon.
  4296 | D:5      | Reached XP level 8. HP: 48/60 MP: 11/14
  4540 | D:3      | Became a worshipper of Fedhas Madash
  4769 | D:5      | Found the +1 cloak of Starlight {*Dazzle EV+4 Stlth--}
  4875 | D:5      | Found a transporter.
  4878 | D:5      | Noticed koorschki's ghost (amateur OpSh)
  5091 | D:5      | Found a transporter.
  5382 | D:6      | Noticed Grinder
  5406 | D:6      | Killed Grinder
  5482 | D:6      | Found a hide-covered altar of Uskayaw.
  5488 | D:6      | Noticed Edmund
  5518 | D:6      | Killed Edmund
  5519 | D:6      | Reached XP level 9. HP: 42/67 MP: 14/16
  5769 | D:5      | Reached skill level 5 in Spellcasting
  5775 | D:5      | Killed koorschki's ghost
  5776 | D:5      | Reached skill level 5 in Fighting
  6155 | D:6      | Reached * piety under Fedhas
  6310 | D:6      | Found Cysmaume's Book Shop.
  6310 | D:6      | Noticed a walking frostbound tome
  6310 | D:6      | Noticed a walking frostbound tome
  6713 | D:7      | Noticed Maurice
  6736 | D:7      | Maurice stole an amulet of magic regeneration
  6763 | D:7      | Something stole a +5 spear
  6767 | D:7      | Something stole 475 gold
  6846 | D:7      | Killed Maurice
  6847 | D:7      | Reached skill level 5 in Invocations
  7244 | D:7      | Found a runed translucent gate.
  7244 | D:7      | Found a runed translucent gate.
  7247 | D:7      | Found a runed translucent gate.
  7250 | D:7      | Noticed Tinttamiau's ghost (novice FoHu)
  7250 | D:7      | Noticed YordlordTheGreat's ghost (novice MfSu)
  7250 | D:7      | Noticed capka3m's ghost (novice TrSh)
  7417 | D:7      | Found a staircase to the Ecumenical Temple.
  7417 | D:7      | Noticed a troll
  7427 | D:7      | Killed a troll
  7428 | D:7      | Reached skill level 5 in Short Blades
  7428 | D:7      | Reached skill level 5 in Long Blades
  7428 | D:7      | Reached skill level 5 in Axes
  7428 | D:7      | Reached skill level 5 in Maces & Flails
  7428 | D:7      | Reached skill level 5 in Polearms
  7428 | D:7      | Reached skill level 5 in Staves
  7428 | D:7      | Reached skill level 5 in Throwing
  7428 | D:7      | Reached skill level 5 in Armour
  7428 | D:7      | Reached skill level 5 in Stealth
  7428 | D:7      | Reached skill level 5 in Shields
  7428 | D:7      | Reached skill level 5 in Unarmed Combat
  7428 | D:7      | Reached skill level 5 in Evocations
  7428 | D:7      | Reached XP level 10. HP: 42/76 MP: 13/18
  7713 | D:7      | Found Eclufin's Antique Weapon Shop.
  7716 | D:7      | Bought a runed orcbow for 130 gold pieces
  7907 | D:8      | Noticed a deep elf pyromancer
  7910 | D:8      | Killed a deep elf pyromancer
  7932 | D:8      | Reached ** piety under Fedhas
  8315 | D:8      | Reached skill level 5 in Fire Magic
  8675 | D:8      | Reached skill level 5 in Shapeshifting
  8802 | D:8      | Found a stormy altar of Qazlal.
  9146 | D:8      | Found Kigrun's Magic Scroll Shoppe.
  9168 | D:8      | Bought a scroll of fear for 48 gold pieces
  9168 | D:8      | Bought a scroll of identify for 24 gold pieces
  9168 | D:8      | Bought 2 scrolls of identify for 48 gold pieces
  9315 | D:8      | Noticed a manticore
  9327 | D:8      | Killed a manticore
  9653 | D:9      | Noticed a cane toad
  9653 | D:9      | Noticed a purple ugly thing
  9654 | D:9      | a cane toad changed into a shapeshifter
  9654 | D:9      | a shapeshifter changed into an entropy weaver
  9654 | D:9      | Noticed an entropy weaver (shapeshifter)
  9664 | D:9      | Killed a purple ugly thing
  9665 | D:9      | Reached skill level 5 in Conjurations
  9665 | D:9      | Reached skill level 5 in Summonings
  9665 | D:9      | Reached skill level 5 in Necromancy
  9665 | D:9      | Reached skill level 5 in Translocations
  9665 | D:9      | Reached skill level 5 in Ice Magic
  9665 | D:9      | Reached skill level 5 in Air Magic
  9665 | D:9      | Reached skill level 5 in Earth Magic
  9665 | D:9      | Reached skill level 5 in Alchemy
  9665 | D:9      | Reached XP level 11. HP: 76/83 MP: 19/21
  9668 | D:9      | Killed an entropy weaver
  9811 | D:9      | Noticed a boulder beetle
  9813 | D:9      | Noticed a deep elf pyromancer
  9817 | D:9      | Killed a deep elf pyromancer
  9818 | D:9      | Noticed a centaur warrior
  9837 | D:9      | Killed a centaur warrior
  9851 | D:9      | Killed a boulder beetle
  9966 | D:9      | Noticed a centaur warrior
  9980 | D:9      | Killed a centaur warrior
 10080 | D:9      | Noticed a two-headed ogre
 10098 | D:9      | Killed a two-headed ogre
 10122 | D:9      | Reached *** piety under Fedhas
 10333 | D:9      | Noticed Psyche
 10335 | D:9      | Killed Psyche
 10488 | D:9      | Found a basalt altar of Yredelemnul.
 10627 | D:9      | Noticed Amaemon
 10650 | D:9      | Killed Amaemon
 10696 | D:9      | Reached XP level 12. HP: 90/91 MP: 23/23
 10771 | D:9      | Found a staircase to the Orcish Mines.
 10859 | D:9      | Noticed a two-headed ogre
 10871 | D:9      | Killed a two-headed ogre
 10875 | D:9      | Found Riw Peon's Weapon Emporium.
 10878 | D:9      | Reached **** piety under Fedhas
 10980 | D:9      | Noticed a two-headed ogre
 10989 | D:9      | Killed a two-headed ogre
 11214 | D:10     | Entered Level 10 of the Dungeon
 11570 | D:10     | Found a hazy altar of Hepliaklqana.
 11661 | D:10     | Noticed a two-headed ogre
 11667 | D:10     | Killed a two-headed ogre
 11777 | D:10     | Noticed Harold
 11848 | D:10     | Killed Harold
 11977 | D:10     | Noticed a catoblepas
 12024 | D:10     | Killed a catoblepas
 12135 | D:10     | Noticed Josephine
 12175 | D:10     | Identified the ring "Yhorhoog" {rPois Int+4 Dex+6}
 12279 | D:10     | Identified the amulet "Wuc Utar" {rC+ Regen+}
 12390 | D:10     | Identified the ring "Ytiseix" {MP+9 Int+2 Dex+3}
 12392 | D:10     | Identified the ring of Hetsiala {MP+9 Slay+2 Stlth+}
 12488 | D:10     | Noticed a soul eater
 12511 | D:10     | Noticed a five-headed hydra
 12516 | D:10     | Killed a five-headed hydra
 12679 | D:10     | Killed Josephine
 13158 | D:10     | Found a shadowy altar of Dithmenos.
 13239 | D:11     | Reached XP level 13. HP: 99/99 MP: 25/25
 13252 | D:11     | Learned a level 4 spell: Iskenderun's Mystic Blast
 13693 | D:11     | Found a staircase to the Lair.
 13727 | D:11     | Learned a level 2 spell: Blink
 15326 | Lair:1   | Entered Level 1 of the Lair of Beasts
 15333 | Lair:1   | Noticed Fannar
 15345 | Lair:1   | Killed Fannar
 15400 | Lair:1   | Reached skill level 10 in Ranged Weapons
 15400 | Lair:1   | Reached skill level 10 in Dodging
 15430 | Lair:1   | Noticed Joseph
 15452 | Lair:1   | Killed Joseph
 16288 | Lair:2   | Reached ***** piety under Fedhas
 16402 | Lair:2   | Reached skill level 10 in Invocations
 16402 | Lair:2   | Reached XP level 14. HP: 84/108 MP: 27/27
 16752 | Lair:2   | Found a staircase to the Shoals.
 17251 | Lair:3   | Identified the +0 leather armour of Sinovaug {rF+ Regen+
                  | rCorr Stlth+}
 17935 | Lair:3   | Found a staircase to the Snake Pit.
 18163 | Lair:4   | Noticed Nessos
 18170 | Lair:4   | Killed Nessos
 18191 | Lair:4   | Reached skill level 10 in Spellcasting
 18199 | Lair:4   | Identified the +0 leather armour "Lisenkir" {rCorr Int+5
                  | SInv}
 18321 | Lair:4   | Found a dark tunnel.
 18547 | Lair:4   | Reached skill level 10 in Fighting
 18903 | Lair:4   | Found a runed translucent door.
 18904 | Lair:4   | Found a shimmering altar of Xom.
 18904 | Lair:4   | Noticed Niar Sio's ghost (journeyman TrBe)
 19438 | Lair:4   | Learned a level 5 spell: Yara's Violent Unravelling
 19444 | Lair:4   | Learned a level 5 spell: Irradiate
 19465 | Lair:5   | Entered Level 5 of the Lair of Beasts
 19812 | Lair:5   | Found a staircase to the Slime Pits.
 20330 | Lair:5   | Reached skill level 10 in Hexes
 20485 | Lair:5   | Found a shimmering altar of Xom.
 20555 | Lair:5   | Reached skill level 10 in Short Blades
 20555 | Lair:5   | Reached skill level 10 in Long Blades
 20555 | Lair:5   | Reached skill level 10 in Axes
 20555 | Lair:5   | Reached skill level 10 in Maces & Flails
 20555 | Lair:5   | Reached skill level 10 in Polearms
 20555 | Lair:5   | Reached skill level 10 in Staves
 20555 | Lair:5   | Reached skill level 10 in Throwing
 20555 | Lair:5   | Reached skill level 10 in Armour
 20555 | Lair:5   | Reached skill level 10 in Stealth
 20555 | Lair:5   | Reached skill level 10 in Shields
 20555 | Lair:5   | Reached skill level 10 in Unarmed Combat
 20555 | Lair:5   | Reached skill level 10 in Evocations
 20729 | Lair:5   | Reached XP level 15. HP: 84/117 MP: 29/29
 20926 | Lair:5   | Identified the +7 flail of Virtue {flame, *Rage rElec rC+++
                  | Dex+3}
 21303 | Orc:1    | Entered Level 1 of the Orcish Mines
 21993 | Orc:2    | Entered Level 2 of the Orcish Mines
 22193 | Orc:2    | Reached ****** piety under Fedhas
 22460 | Orc:2    | Found a shimmering altar of Xom.
 22753 | Orc:2    | Found Vikuttao's General Store.
 22758 | Orc:2    | Found Hiovivigh's General Store.
 22833 | Orc:2    | Found a staircase to the Elven Halls.
 22859 | Orc:2    | Noticed an orc warlord
 22902 | Orc:2    | Killed an orc warlord
 23712 | Orc:2    | Found Ypniut's Jewellery Shoppe.
 23712 | Orc:2    | Found Tegips's Antique Weapon Emporium.
 23713 | Orc:2    | Found a one-way gate leading to the halls of Pandemonium.
 23719 | Orc:2    | Bought the ring "Foyrryin" {rF+ Str-2 Dex+8 Slay+4} for
                  | 1651 gold pieces
 23954 | D:13     | Found Hijass's Weapon Emporium.
 24385 | D:13     | Noticed Jorgrun
 24393 | D:13     | Killed Jorgrun
 24656 | D:13     | Reached skill level 10 in Shapeshifting
 24735 | D:13     | Found a gate to the Vaults.
 25554 | D:14     | Reached XP level 16. HP: 111/125 MP: 31/31
 25611 | D:14     | Found a huge runed translucent gate.
 25611 | D:14     | Found a huge runed translucent gate.
 25611 | D:14     | Found a huge runed translucent gate.
 25612 | D:14     | Found a huge runed translucent gate.
 25613 | D:14     | Found a huge runed translucent gate.
 25613 | D:14     | Found a huge runed translucent gate.
 25613 | D:14     | Found a huge runed translucent gate.
 25614 | D:14     | Found a huge runed translucent gate.
 25614 | D:14     | Found a huge runed translucent gate.
 25614 | D:14     | Found a huge runed translucent gate.
 25614 | D:14     | Found a huge runed translucent gate.
 25615 | D:14     | Found a huge runed translucent gate.
 25616 | D:14     | Found a huge runed translucent gate.
 25617 | D:14     | Found a huge runed translucent gate.
 25618 | D:14     | Found a huge runed translucent gate.
 25618 | D:14     | Found a huge runed translucent gate.
 25619 | D:14     | Found a huge runed translucent gate.
 25621 | D:14     | Found a huge runed translucent gate.
 25622 | D:14     | Found a huge runed translucent gate.
 25623 | D:14     | Found a huge runed translucent gate.
 25623 | D:14     | Found a huge runed translucent gate.
 25634 | D:14     | Found a huge runed translucent gate.
 25634 | D:14     | Found a huge runed translucent gate.
 25634 | D:14     | Found a huge runed translucent gate.
 25635 | D:14     | Found a huge runed translucent gate.
 25636 | D:14     | Found a huge runed translucent gate.
 25638 | D:14     | Found a huge runed translucent gate.
 25639 | D:14     | Found a huge runed translucent gate.
 25640 | D:14     | Found a huge runed translucent gate.
 25640 | D:14     | Found a huge runed translucent gate.
 25645 | D:14     | Found a huge runed translucent gate.
 25646 | D:14     | Found a huge runed translucent gate.
 25646 | D:14     | Found a huge runed translucent gate.
 25646 | D:14     | Found a huge runed translucent gate.
 25646 | D:14     | Found a huge runed translucent gate.
 25648 | D:14     | Found a huge runed translucent gate.
 25970 | D:14     | Noticed a sphinx
 25970 | D:14     | Noticed a sphinx
 25990 | D:15     | Entered Level 15 of the Dungeon
 26003 | D:15     | Found a shadowy altar of Dithmenos.
 26261 | D:15     | Gained mutation: Armour fits poorly on your strangely
                  | shaped body. [mutagenic glow]
 26459 | D:15     | Found a staircase to the Depths.
 26555 | D:15     | Noticed Louise
 26567 | D:15     | Killed Louise
 26573 | D:15     | Identified the +2 robe of Yptiawnu {+Blink +Inv rF- rC+}
 26999 | Snake:1  | Entered Level 1 of the Snake Pit
 27011 | Lair:3   | Learned a level 5 spell: Metabolic Englaciation
 27303 | Lair:3   | Gained mutation: Your spells are a little easier to cast,
                  | but a little less powerful. [mutagenic glow]
 27406 | Lair:3   | Lost mutation: Your spells are a little easier to cast, but
                  | a little less powerful. [potion of mutation]
 27406 | Lair:3   | Lost mutation: Armour fits poorly on your strangely shaped
                  | body. [potion of mutation]
 27406 | Lair:3   | Gained mutation: Your magical capacity is low. (-10% MP)
                  | [potion of mutation]
 27406 | Lair:3   | Gained mutation: You have hidden genetic potential. [potion
                  | of mutation]
 28042 | Snake:2  | Reached skill level 10 in Fire Magic
 28112 | Snake:2  | Noticed a nagaraja
 28124 | Snake:2  | Killed a nagaraja
 28345 | Snake:2  | Noticed a nagaraja
 28353 | Snake:2  | Killed a nagaraja
 28445 | Snake:2  | Reached XP level 17. HP: 103/133 MP: 29/29
 28652 | Snake:2  | Reached skill level 10 in Conjurations
 28652 | Snake:2  | Reached skill level 10 in Summonings
 28652 | Snake:2  | Reached skill level 10 in Necromancy
 28652 | Snake:2  | Reached skill level 10 in Translocations
 28652 | Snake:2  | Reached skill level 10 in Ice Magic
 28652 | Snake:2  | Reached skill level 10 in Air Magic
 28652 | Snake:2  | Reached skill level 10 in Earth Magic
 28652 | Snake:2  | Reached skill level 10 in Alchemy
 29742 | Snake:3  | Gained mutation: You have a pair of small horns on your
                  | head. [hidden potential]
 30386 | Orc:2    | Bought a potion of mutation for 136 gold pieces
 30386 | Orc:2    | Lost mutation: You have a pair of small horns on your head.
                  | [potion of mutation]
 30386 | Orc:2    | Lost mutation: You have hidden genetic potential. [potion
                  | of mutation]
 30386 | Orc:2    | Lost mutation: Your magical capacity is low. (-10% MP)
                  | [potion of mutation]
 30677 | Snake:4  | Entered Level 4 of the Snake Pit
 31887 | Snake:4  | Reached XP level 18. HP: 121/142 MP: 34/34
 32209 | Snake:4  | Got a serpentine rune of Zot
 32684 | Shoals:1 | Entered Level 1 of the Shoals
 32971 | Shoals:1 | Found a one-way gate to the infinite horrors of the Abyss.
 32971 | Shoals:1 | Noticed Toskicku's ghost (adept FoHu)
 32976 | Shoals:1 | Noticed a Hell Sentinel
 33003 | Shoals:1 | Found a transporter.
 33021 | Shoals:1 | Found a transporter.
 33030 | Shoals:1 | Identified the +0 ring mail of the Storm King {rElec
                  | Stlth+}
 33918 | Shoals:2 | Reached XP level 19. HP: 134/150 MP: 29/36
 34579 | Shoals:3 | Noticed Mara
 34583 | Shoals:3 | Noticed NoAnimeNoLife's illusion
 34592 | Shoals:3 | Killed Mara
 35147 | Shoals:4 | Entered Level 4 of the Shoals
 35165 | Shoals:4 | Noticed Ilsuiw
 35685 | Shoals:4 | Killed Ilsuiw
 35896 | Shoals:4 | Found Emnimn's Distillery.
 35907 | Shoals:4 | Bought a potion of curing for 42 gold pieces
 35907 | Shoals:4 | Bought a potion of curing for 42 gold pieces
 35907 | Shoals:4 | Bought a potion of mutation for 112 gold pieces
 35907 | Shoals:4 | Bought a potion of heal wounds for 70 gold pieces
 35907 | Shoals:4 | Bought a potion of heal wounds for 70 gold pieces
 35907 | Shoals:4 | Bought a potion of heal wounds for 70 gold pieces
 35907 | Shoals:4 | Bought a potion of haste for 140 gold pieces
 35907 | Shoals:4 | Bought a potion of curing for 42 gold pieces
 35907 | Shoals:4 | Bought a potion of haste for 140 gold pieces
 36016 | Shoals:4 | Got a barnacled rune of Zot
 36321 | Shoals:4 | Identified the amulet "Tev Souz" {RegenMP ^Drain Str+5
                  | Dex+2}
 36550 | Shoals:4 | Identified the +8 flail "Ruogiw" {heavy, Will+ Dex+4}
 36829 | D:6      | Bought a Fen Folio for 462 gold pieces
 36835 | D:6      | Learned a level 5 spell: Summon Forest
 37154 | Slime:1  | Entered Level 1 of the Pits of Slime
 37458 | Slime:3  | Reached skill level 15 in Invocations
 37467 | Slime:3  | Gained mutation: You occasionally lose the ability to read
                  | scrolls when taking damage. [mutagenic glow]
 37468 | Slime:3  | Lost mutation: You occasionally lose the ability to read
                  | scrolls when taking damage. [potion of mutation]
 37468 | Slime:3  | Gained mutation: You are resistant to electric shocks.
                  | (rElec) [potion of mutation]
 37468 | Slime:3  | Gained mutation: You are frail. (-10% HP) [potion of
                  | mutation]
 37548 | Slime:4  | Paralysed by a formless jellyfish for 1 turns
 37615 | Slime:5  | Entered Level 5 of the Pits of Slime
 37617 | Slime:5  | Paralysed by a formless jellyfish for 1 turns
 37671 | Slime:5  | Paralysed by a formless jellyfish for 1 turns
 37674 | Slime:5  | Paralysed by a formless jellyfish for 1 turns
 37676 | Slime:5  | Reached XP level 20. HP: 99/143 MP: 38/38
 37971 | Slime:5  | Found a viscous altar of Jiyva.
 37972 | Slime:5  | Noticed the Royal Jelly
 38231 | Slime:5  | Killed the Royal Jelly
 38403 | Slime:5  | Found the +9 staff of Olgreb {rPois∞}
 38404 | Slime:5  | Gained mutation: You are clumsy. (Dex -2) [a shining eye]
 38406 | Slime:5  | Gained mutation: You are dopey. (Int -2) [a shining eye]
 38410 | Slime:5  | Identified the +0 chain mail of the Oni {rElec rCorr}
 38419 | Slime:5  | Identified the +4 chain mail of Valiance {Fly Int+4}
 38421 | Slime:5  | Got a slimy rune of Zot
 38450 | Slime:5  | Identified the +1 morningstar "Ynudi Peoph" {heavy, rC++
                  | Int+3}
 38578 | Slime:5  | Gained mutation: You occasionally shout uncontrollably at
                  | your foes. [a shining eye]
 38620 | Slime:5  | Identified the +0 plate armour "Reronn" {Str+2 Int+3}
 38625 | Slime:5  | Identified the +4 short sword of Youthful Indiscretion
                  | {drain, rPois Str+5 Dex-2}
 38868 | Slime:5  | Found the +9 sword of Power {lifebolt}
 38883 | Slime:5  | Identified the +7 hand axe of the Bellicose God {freeze,
                  | rC+}
 39050 | Slime:5  | Identified the staff of Urghihuce {rElec Str+2 Dex+2 Summ
                  | Air}
 39054 | Slime:5  | Identified the ring "Zaloeth" {rElec rC+ EV+5 Str+5}
 39651 | Depths:1 | Entered Level 1 of the Depths
 39914 | Depths:1 | Reached skill level 15 in Ranged Weapons
 39914 | Depths:1 | Reached skill level 15 in Dodging
 40013 | Depths:1 | Found a gateway to Hell.
 40277 | Depths:1 | You are sucked into a shaft and drop 1 floor!
 40277 | Depths:2 | Found a one-way gateway to a ziggurat.
 40804 | Depths:1 | Reached XP level 21. HP: 112/150 MP: 39/39
 41071 | Depths:1 | Identified the +6 halberd of Instinct {holy, *Rage Int+6}
 41077 | Depths:1 | Identified the +0 leather armour "Duhuplot" {Int+3 SInv}
 41696 | Slime:1  | Gained mutation: Armour fits poorly on your strangely
                  | shaped body. [a shining eye]
 41714 | Slime:1  | Mangled by an acid blob

Illustrated notes

Levels and vault maps discovered:
D:1:      matt_arrival_refuge, layout_loops_corners, chequers_big_river
D:2:      layout_basic, dreamdust_ecumenical_altar_hidden_monk_grotto,
          kennysheep_generic_room_14
D:3:      layout_loops_ring, fedhas_altar_1, amcnicky_altar_gilded,
          chequers_garden
D:4:      layout_basic, xom_butterflies
D:5:      layout_loops_corners, nicolae_overflow_hidden_temple,
          gammafunk_ghost_mausoleum, uniq_menkaure
D:6:      layout_basic, nicolae_uskayaw_dance_hall, serial_shops,
          nicolae_shop_mannequins, uniq_grinder, uniq_edmund
D:7:      layout_basic, minmay_temple_entry_fiery, gammafunk_ghost_cemetery,
          serial_shops, nicolae_shop_pleasant_corner_grove, uniq_maurice
D:8:      layout_basic, overflow_temple_1_default, serial_shops, shop,
          kb_rosetta
D:9:      hangedman_cross_veins, layout_small_grid, general_overflow_altar,
          david_orc_5, serial_shops, nicolae_shop_bloodbath_and_beyond,
          uniq_amaemon, uniq_psyche
D:10:     minmay_the_grid_triangle_9x9_rhombus_thin_mashed
          [minmay_the_grid_triangle_9x9_empty,
          minmay_the_grid_triangle_9x9_prize_special,
          minmay_the_grid_triangle_9x9_longest,
          minmay_the_grid_triangle_9x9_impossible_snake], layout_gridville,
          st_stairs_7, corexii_leaking_fountain, hangedman_feature_mirror,
          minmay_dual_archer_statues, uniq_josephine, uniq_harold
D:11:     layout_cave_pods, lair_entry_dummy, serial_column_ruins,
          column_ruins_corridor_straight, column_ruins_columns_dead_end,
          column_ruins_columns_dead_end, column_ruins_open_medium,
          column_ruins_open_small
D:12:     layout_loops_ring
D:13:     layout_basic, hellmonk_vaults_order_and_chaos, special_room
          [special_room_orc], serial_shops, shop, uniq_jorgrun
D:14:     layout_rooms, minmay_misc_feat_nine_boxes, door_vault
D:15:     grunt_enter_depths_hoard, layout_small_grid, grunt_dithmenos_shadows,
          uniq_louise
Lair:1:   layout_regular_city, chequers_serial_rivers_large_b,
          chequers_serial_rivers_small_3, chequers_serial_rivers_room_b,
          minivault_26, beast_lair_carwin_4, uniq_joseph, uniq_fannar
Lair:2:   layout_regular_city, elwin_shoals_entry_rocks,
          gammafunk_lair_bear_cave, grunt_megastairs_1
Lair:3:   layout_small_grid, nicolae_snake_entry_squirm, lemuel_fruit_tree
Lair:4:   dpeg_oklob_shooting_range, layout_layer_cave,
          nicolae_volcano_entry_lava_flow, ebering_ghost_xom,
          infiniplex_staircase_pool_2, uniq_nessos
Lair:5:   grunt_lair_end_beastmaster, layout_loops_ring,
          dpeg_slime_entry_enclosed, basic_altar,
          eino_small_chamber_without_monster, nicolae_lair_yak_garden
Shoals:1: layout_shoals, gammafunk_ghost_abyssal_escape
Shoals:2: layout_shoals, nicolae_shoals_goliath_grotto
Shoals:3: layout_shoals, uniq_mara
Shoals:4: shoals_end_grunt_ice, layout_shoals, shoals_ilsuiw_alternative,
          serial_shops, nicolae_square_shop
Snake:1:  layout_rooms, corexii_hall_statues_t, drop_trap, st_stairs_7
Snake:2:  layout_cave_pods
Snake:3:  layout_cave_town
Snake:4:  snake_pit, layout_cave_town, nicolae_snake_snakewalk,
          grunt_megastairs_2
Slime:1:  layout_caves
Slime:2:  layout_caves
Slime:3:  layout_caves, basic_altar
Slime:4:  layout_caves
Slime:5:  slime_pit_nicolae_inversion
Orc:1:    layout_diamond_mine
Orc:2:    pf_orc_diabolical, layout_caves, basic_altar, mines5_lemuel
Depths:1: layout_honeycomb, grunt_metal_band, minmay_misc_feat_cross,
          rand_demon_pan_entry_1, nicolae_abyss_entry_one_way_or_another,
          horrible_house_mu
Depths:2: cheibrodos_lost_city_excavation, layout_long_grid, enter_ziggurat_a,
          grunt_pan_entry_zigzag, lemuel_doored_altar,
          grunt_hell_entry_dis_grunt, hangedman_abyss_or_decor_lesser_grid,
          laboratory, serial_bayou_shore_b, infiniplex_staircase_trident,
          serial_bayou_shore_b

Skill      XL: |  1  2  3  4  5  6  7  8  9 10 11 12 13 14 15 16 17 18 19 20 |
---------------+-------------------------------------------------------------+-----
Fire Magic     | 2 3 4 5 6 7 8 9 10 11 12 | 12.6
Invocations    | 1 2 3 4 5 6 7 8 10 11 12 13 14 15 | 15.8
Short Blades   | 1 2 3 4 5 6 7 8 9 10 11 12 13 14 | 14.6
Long Blades    | 1 2 3 4 5 6 7 8 9 10 11 12 13 14 | 14.6
Axes           | 1 2 3 4 5 6 7 8 9 10 11 12 13 14 | 14.6
Maces & Flails | 1 2 3 4 5 6 7 8 9 10 11 12 13 14 | 14.6
Polearms       | 1 2 3 4 5 6 7 8 9 10 11 12 13 14 | 14.6
Staves         | 1 2 3 4 5 6 7 8 9 10 11 12 13 14 | 14.6
Throwing       | 1 2 3 4 5 6 7 8 9 10 11 12 13 14 | 14.6
Armour         | 1 2 3 4 5 6 7 8 9 10 11 12 13 14 | 14.6
Stealth        | 1 2 3 4 5 6 7 8 9 10 11 12 13 14 | 14.6
Shields        | 1 2 3 4 5 6 7 8 9 10 11 12 13 14 | 14.6
Unarmed Combat | 1 2 3 4 5 6 7 8 9 10 11 12 13 14 | 14.6
Evocations     | 1 2 3 4 5 6 7 8 9 10 11 12 13 14 | 14.6
Spellcasting   | 3 4 5 6 7 8 9 10 11 12 13 14 | 14.8
Shapeshifting  | 1 2 3 4 5 6 7 8 9 10 11 12 13 | 13.4
Conjurations   | 1 2 3 4 5 6 7 8 9 10 11 12 | 12.4
Summonings     | 1 2 3 4 5 6 7 8 9 10 11 12 | 12.4
Necromancy     | 1 2 3 4 5 6 7 8 9 10 11 12 | 12.4
Translocations | 1 2 3 4 5 6 7 8 9 10 11 12 | 12.4
Ice Magic      | 1 2 3 4 5 6 7 8 9 10 11 12 | 12.4
Air Magic      | 1 2 3 4 5 6 7 8 9 10 11 12 | 12.4
Earth Magic    | 1 2 3 4 5 6 7 8 9 10 11 12 | 12.4
Alchemy        | 1 2 3 4 5 6 7 8 9 10 11 12 | 12.4
Fighting       | 3 4 5 6 7 8 9 10 11 12 13 14 | 14.8
Ranged Weapons | 5 6 7 8 9 10 11 12 13 14 15 | 15.2
Dodging        | 5 6 7 8 9 10 11 12 13 14 15 | 15.2
Hexes          | 6 7 8 9 10 11 12 13 | 13.5

Action                     |  1- 3 |  4- 6 |  7- 9 | 10-12 | 13-15 | 16-18 | 19-21 || total
---------------------------+-------+-------+-------+-------+-------+-------+-------++-------
  Melee: Sling             |       |       |    22 |       |       |       |       ||    22
         Great mace        |       |       |    38 |       |       |       |       ||    38
         Bite              |       |       |     3 |     2 |     1 |       |     6 ||    12
         Punch             |       |       |     2 |       |       |       |       ||     2
         Orcbow            |       |       |       |     4 |     2 |       |       ||     6
         Longbow           |       |       |       |       |     1 |       |       ||     1
         Great sword       |       |       |       |       |       |       |    18 ||    18
   Fire: Sling             |    94 |   135 |   353 |    10 |       |       |       ||   592
         Orcbow            |       |       |       |   606 |   493 |       |       ||  1099
         Longbow           |       |       |       |       |   678 |  1122 |   836 ||  2636
   Cast: Jinxbite          |     6 |     9 |    28 |    32 |    41 |     6 |     4 ||   126
         Tukima's Dance    |       |       |    13 |    14 |     2 |       |       ||    29
         Confusing Touch   |       |       |     4 |     1 |       |       |       ||     5
         Iskenderun's Myst |       |       |       |       |   134 |     7 |    17 ||   158
         Irradiate         |       |       |       |       |     5 |    12 |    24 ||    41
         Metabolic Englaci |       |       |       |       |       |    17 |    12 ||    29
         Summon Forest     |       |       |       |       |       |       |    17 ||    17
         Blink             |       |       |       |       |       |       |     2 ||     2
         Yara's Violent Un |       |       |       |       |       |       |     2 ||     2
 Invoke: Wall of Briars    |       |       |       |     3 |     3 |     3 |     6 ||    15
         Overgrow          |       |       |       |     1 |     3 |     1 |     2 ||     7
         Grow Ballistomyce |       |       |       |       |     2 |       |     1 ||     3
  Evoke: Wand              |       |       |    15 |    19 |    14 |     2 |     6 ||    56
         Phantom mirror    |       |       |       |       |     1 |     1 |     2 ||     4
         Condenser vane    |       |       |       |       |       |       |     2 ||     2
    Use: Scroll            |       |       |    10 |     9 |    16 |     6 |    10 ||    51
         Potion            |       |       |     8 |     4 |     1 |     3 |    12 ||    28
   Stab: Invisible         |       |       |     2 |     1 |       |       |     1 ||     4
 Armour: Robe              |    17 |    35 |       |       |       |       |       ||    52
         Leather armour    |       |       |   122 |       |       |       |       ||   122
         Ring mail         |       |       |   138 |   269 |   371 |   397 |   332 ||  1507
         Scale mail        |       |       |       |       |       |       |     9 ||     9
  Dodge: Dodged            |    19 |    76 |   367 |   568 |   853 |   911 |   624 ||  3418

Table legend: (Time is in decaauts)
 A = Elapsed time spent in this place.
 B = Non-inter-level travel time spent in this place.
 C = Inter-level travel time spent in this place.
 D = Time resting spent in this place.
 E = Time spent auto-exploring this place.
 F = Levels seen in this place.
 G = Mean time per level.
                   A        B        C        D        E       F      G
               +--------+--------+--------+--------+--------+-----+--------+
         Total |  43006 |  38315 |   4691 |   4558 |  24940 |  37 | 1162.3 |
       Dungeon |  19660 |  17304 |   2356 |   1824 |  11933 |  15 | 1310.7 |
          Lair |   7370 |   6274 |   1096 |    744 |   4384 |   5 | 1474.0 |
        Shoals |   4372 |   4161 |    211 |    271 |   2856 |   4 | 1093.0 |
     Snake Pit |   4702 |   4460 |    242 |    527 |   2807 |   4 | 1175.5 |
    Slime Pits |   2512 |   2154 |    358 |    741 |    592 |   5 |  502.4 |
  Orcish Mines |   2852 |   2453 |    399 |    379 |   1440 |   2 | 1426.0 |
        Depths |   1536 |   1509 |     27 |     70 |    927 |   2 |  768.0 |
               +--------+--------+--------+--------+--------+-----+--------+

Top non-repeatable levels by time:
    D:10: 2300 daAuts
     D:9: 2055 daAuts
   Orc:2: 1873 daAuts
  Lair:5: 1772 daAuts
  Lair:3: 1756 daAuts
     D:7: 1720 daAuts
 Snake:4: 1695 daAuts
     D:5: 1686 daAuts
 Slime:5: 1660 daAuts
     D:8: 1599 daAuts
Depths:1: 1519 daAuts
  Lair:4: 1486 daAuts
    D:13: 1389 daAuts
Shoals:4: 1360 daAuts
     D:4: 1320 daAuts
